 Dungeon Crawl Stone Soup version 0.25-a0-346-g140ab784a8 (webtiles) character file.

Game seed: 11021910039877248840, levelgen mode: classic

427 Borgoz the Cudgeler (level 6, -4/40 HPs)
             Began as a Gargoyle Fighter on Dec 31, 2019.
             Slain by an iguana (7 damage)
             ... on level 4 of the Dungeon.
             The game lasted 00:03:29 (3038 turns).

Borgoz the Cudgeler (Gargoyle Fighter)              Turns: 3038, Time: 00:03:29

Health: -4/40      AC: 11    Str: 26    XL:     6   Next: 97%
Magic:  0/6        EV:  7    Int:  8    God:
Gold:   194        SH:  9    Dex: 10    Spells: 5/5 levels left

rFire    . . .     SeeInvis .   a - +0 flail
rCold    . . .     Gourm    .   c - +0 shield
rNeg     + . .     Faith    .   b - +0 scale mail
rPois    ∞         Spirit   +   (no helmet)
rElec    +         Reflect  .   (no cloak)
rCorr    .         Harm     .   (no gloves)
MR       .....                  (no boots)
Stlth    ..........             h - amulet of guardian spirit
HPRegen  0.13/turn              (no ring)
MPRegen  0.10/turn              (no ring)

@: mighty
A: negative energy resistance 1, electricity resistance, unbreathing,
petrification resistance, rot immunity, AC +4
a: no special abilities


You were on level 4 of the Dungeon.
You were near starving.

You visited 1 branch of the dungeon, and saw 4 of its levels.

You collected 194 gold pieces.

Inventory:

Hand Weapons
 a - a +0 flail (weapon)
Armour
 b - a +0 scale mail (worn)
 c - a +0 shield (worn)
Jewellery
 h - an amulet of guardian spirit (around neck)
 k - an uncursed ring of fire
Scrolls
 e - 3 scrolls of remove curse
 g - 2 scrolls of enchant armour
 i - 2 scrolls of teleportation
 l - a scroll of amnesia
Potions
 j - a potion of lignification
 m - a potion of cancellation
 p - a potion of flight
Comestibles
 f - 5 rations


   Skills:
 + Level 5.0 Fighting
 * Level 5.2 Maces & Flails
 + Level 5.0 Armour
 - Level 3.2 Shields


You had 5 spell levels left.
You didn't know any spells.
Your spell library contained the following spells:

 Spells                   Type           Power        Failure   Level  Hunger
 Summon Small Mammal      Summ           #...         99%         1    ##.....
 Call Imp                 Summ           #.......     100%        2    ###....
 Call Canine Familiar     Summ           #.......     100%        3    ####...
 Summon Guardian Golem    Hex/Summ       #.......     100%        3    ####...
 Summon Ice Beast         Ice/Summ       #.......     100%        4    #####..
 Summon Lightning Spire   Summ/Air       #.......     100%        4    #####..


Dungeon Overview and Level Annotations

Branches:
Dungeon (4/15)
 Temple: D:4-7

Altars:
Kikubaaqudgha
Ru


Innate Abilities, Weirdness & Mutations

You are resistant to torment.
Your stone body is resilient. (AC +4)
You are immune to poison.
You resist negative energy. (rN+)
You are resistant to electric shocks. (rElec)
You can survive without breathing.
You are immune to petrification.
You are immune to rotting.


Message History

You barely miss the iguana.
The iguana is moderately wounded.
You block the giant cockroach's attack. You block the iguana's attack.
The iguana bites you.
* * * LOW HITPOINT WARNING * * *
Unknown command.
You block the giant cockroach's attack.
The giant cockroach completely misses you.
The giant cockroach bites you but does no damage.
Found a ration.
The iguana bites you but does no damage.
A worker ant comes into view.
The giant cockroach barely misses you.
The iguana bites you but does no damage.
You block the iguana's attack.
The giant cockroach completely misses you.
There is a stone staircase leading up here.
The iguana bites you but does no damage.
The giant cockroach barely misses you. The iguana bites you!
You die...

########
######......#
#...........#
#...........#
#...........###.
#......s@......#
#......ll......#
#....$...........
#................
....................
...................#
.........####.......#
%........# .......
.........# ......


You could see 2 iguanas and a giant cockroach.

Vanquished Creatures
  Sigmund (D:3)
  Purgy (D:3)
  A centaur (D:2)
  3 gnolls (D:2)
  3 adders
  2 bats
  4 giant cockroaches
  9 goblins
  3 hobgoblins (D:1)
  4 jackals (D:1)
  10 kobolds
  A quokka (D:3)
  5 frilled lizards
  A quokka skeleton (D:3)
  5 rats
53 creatures vanquished.

Notes
Turn   | Place    | Note
-------+----------+-------------------------------------------
     0 | D:1      | Borgoz the Gargoyle Fighter began the quest for the Orb.
     0 | D:1      | Reached XP level 1. HP: 14/14 MP: 1/1
    81 | D:1      | Reached XP level 2. HP: 19/19 MP: 2/2
   315 | D:1      | Reached XP level 3. HP: 23/23 MP: 3/3
   795 | D:2      | Noticed a centaur
   805 | D:2      | Killed a centaur
   805 | D:2      | Reached XP level 4. HP: 10/29 MP: 4/4
   805 | D:2      | Reached XP level 5. HP: 11/33 MP: 5/5
  1628 | D:3      | Found a sacrificial altar of Ru.
  1653 | D:3      | Found an ancient bone altar of Kikubaaqudgha.
  1990 | D:3      | Noticed Purgy
  2013 | D:3      | HP: 2/51 [Purgy (2)]
  2019 | D:3      | Killed Purgy
  2019 | D:3      | Reached XP level 6. HP: 4/39 MP: 1/6
  2470 | D:3      | Noticed Sigmund
  2493 | D:3      | Killed Sigmund
  2493 | D:3      | Reached skill level 5 in Fighting
  2493 | D:3      | Reached skill level 5 in Maces & Flails
  2493 | D:3      | Reached skill level 5 in Armour
  3025 | D:4      | HP: 1/40 [iguana (4)]
  3038 | D:4      | Slain by an iguana

Levels and vault maps discovered:
D:1:      saegor_arrival_simple_c, layout_basic
D:2:      layout_loops_ring
D:3:      layout_basic, lemuel_round_altar, nicolae_ru_awakened_eye, uniq_purgy,
          uniq_sigmund
D:4:      layout_basic, ebering_ghost_sewer_d

Skill      XL: |  1  2  3  4  5  6 |
---------------+-------------------+-----
Maces & Flails | 3 4 5 |  5.2
Fighting       | 4 5 |  5.0
Armour         | 4 5 |  5.0
Shields        | |  3.2

Action                   |  1- 3 |  4- 6 || total
-------------------------+-------+-------++-------
Melee: Flail             |    88 |   140 ||   228
  Use: Scroll            |       |     8 ||     8
       Potion            |       |     4 ||     4
  Eat: Chunk             |       |     5 ||     5
Armor: Scale mail        |    48 |    91 ||   139
       Skin              |       |    10 ||    10
Dodge: Dodged            |    42 |    43 ||    85
Block: Shield            |    61 |    92 ||   153

Table legend:
 A = Non-vault XP
 B = Vault XP
 C = Vault XP percentage of total XP
 D = Non-vault monster count
 E = Vault monster count
 F = Vault count percentage of total count
                 A         B        C        D         E       F
            +---------+---------+-------+---------+---------+-------
      Total |     265 |     345 |  56.6 |      51 |       2 |   3.8
            +---------+---------+-------+---------+---------+-------
        D:1 |      46 |       0 |   0.0 |      27 |       0 |   0.0
        D:2 |     193 |       0 |   0.0 |      14 |       0 |   0.0
        D:3 |      26 |     345 |  93.0 |      10 |       2 |  16.7
            +---------+---------+-------+---------+---------+-------
